Map: Ruins of Seras

Players

OffSet - Winner!

  • Race: Zerg Zerg
  • League: Grandmaster

Larry

  • Race: Protoss Protoss
  • League: Master

VOD

Have the link to the VOD?

Description

Time

  • Played on: Feb. 23, 2016, 4:23 p.m.
  • Length: 4:04
Show
View Real Time Build Order
Export as new Build Order

OffSet Zerg - Winner!

Build Orders: Hatch First 

Get SALT Encoding   

  12  0:02  Drone  
  13  0:08  Drone  
  14  0:22  Extractor x2, Drone  
  14  0:23  Drone  
  14  0:28  Overlord  
  16  0:51  Hatchery  
  16  0:54  Drone  
  16  0:57  Drone  
  17  1:08  Extractor  
  16  1:13  Spawning Pool  
  16  1:17  Drone  
  16  1:21  Drone  
  17  1:28  Drone  
  17  1:31  Drone  
  19  1:39  Drone  
  20  1:51  Drone  
  21  2:02  Queen  
  21  2:03  Queen  
  25  2:10  Metabolic Boost  
  25  2:13  Zergling x2  
  25  2:14  Zergling x2  
  27  2:16  Overlord  
  27  2:18  Zergling x2  
  28  2:36  Zergling x8  
  32  2:44  Zergling x2  
  32  2:46  Zergling x2  
  34  2:53  Overlord  
  34  2:54  Evolution Chamber  
  34  2:56  Zergling x2  
  34  3:05  Zergling x2  
  35  3:07  Zergling x2  
  36  3:13  Zergling x4  
  36  3:15  Zergling x6  
  36  3:16  Zergling x2  
  42  3:21  Zergling x2  
  42  3:29  Zergling x2  
  42  3:32  Zergling x2  
  40  3:37  Zergling x2  
  40  3:46  Zergling x4  
Show
View Real Time Build Order
Export as new Build Order

Larry Protoss 

Build Orders: 1 Gate Expand 

Get SALT Encoding   

  12  0:01  Probe (Chrono Boost)  
  13  0:11  Probe (Chrono Boost)  
  14  0:19  Pylon  
  14  0:23  Probe (Chrono Boost)  
  15  0:38  Probe (Chrono Boost)  
  15  0:39  Gateway  
  16  0:48  Probe (Chrono Boost)  
  16  0:49  Assimilator  
  17  0:59  Probe (Chrono Boost)  
  18  1:09  Probe (Chrono Boost)  
  19  1:24  Nexus  
  19  1:28  Probe (Chrono Boost)  
  20  1:37  Cybernetics Core  
  20  1:40  Probe (Chrono Boost)  
  21  1:49  Assimilator  
  21  1:52  Probe (Chrono Boost)  
  22  1:59  Pylon  
  22  2:02  Probe (Chrono Boost)  
  23  2:17  Probe (Chrono Boost), Zealot  
  26  2:23  Stargate  
  26  2:27  Probe (Chrono Boost)  
  27  2:36  Probe (Chrono Boost)  
  28  2:38  Probe (Chrono Boost)  
  28  2:44  Gateway  
  29  2:47  Adept  
  29  2:51  Probe (Chrono Boost)  
  32  2:54  Probe (Chrono Boost)  
  33  3:04  Probe (Chrono Boost)  
  33  3:05  Mothership Core (Chrono Boost)  
  36  3:14  Probe (Chrono Boost)  
  36  3:15  Pylon  
  36  3:23  Probe (Chrono Boost)  
  36  3:28  Probe (Chrono Boost)  
  36  3:34  Probe (Chrono Boost)  
  34  3:36  Gateway  
  34  3:37  Pylon  
  34  3:45  Pylon  
  34  3:50  Probe x2 (Chrono Boost)  
Tags
 
Add a new tag
Caveats
  • Supply blocks, unpowered buildings, or Contaminate may cause inaccurate times.
  • Supply counts are checked every 10 seconds.